 Dungeon Crawl Stone Soup version 0.19-a0-1676-g39ae8cc (webtiles) character file.

67 MackTheKnife the Insei (level 3, -1/26 HPs)
             Began as a Vampire Wanderer on Sept 21, 2016.
             Slain by a hobgoblin
             ... wielding a +0 club
              (3 damage)
             ... on level 2 of the Dungeon on Sept 23, 2016.
             The game lasted 00:02:45 (1369 turns).

MackTheKnife the Insei (Vampire Wanderer)           Turns: 1369, Time: 00:02:45

Health: -1/26      AC:  4    Str: 11    XL:     3   Next: 98%
Magic:  3/3        EV: 12    Int: 13    God:
Gold:   40         SH:  0    Dex: 15    Spells: 0 memorised, 2 levels left

rFire  . . .     SeeInvis +     c - +0 whip (elec)
rCold  . . .     Gourm    .     i - +2 robe {rN+}
rNeg   + + .     Faith    .     (no shield)
rPois  .         Spirit   .     (no helmet)
rElec  .         Dismiss  .     (no cloak)
rCorr  .         Reflect  .     (no gloves)
MR     .....     Harm     .     (no boots)
Stlth  ++........               (no amulet)
                                (no ring)
                                (no ring)

@: no status effects
A: fangs 3, see invisible, unbreathing
a: Bat Form


You were on level 2 of the Dungeon.
You were not thirsty.

You visited 1 branch of the dungeon, and saw 2 of its levels.

You collected 40 gold pieces.

Inventory:

Hand Weapons
 c - a +0 whip of electrocution (weapon)
   (You took it off a kobold on level 1 of the Dungeon)
Armour
 i - a +2 robe of positive energy (worn)
   (You found it on level 1 of the Dungeon)
 o - a +0 cloak
   (You found it on level 1 of the Dungeon)
Jewellery
 p - a cursed -6 ring of protection {unknown}
   (You found it on level 1 of the Dungeon)
Scrolls
 d - a scroll of identify {unknown}
 k - a scroll of recharging {unknown}
 l - a scroll of enchant weapon {unknown}
 r - a scroll of remove curse {unknown}
Potions
 b - 2 potions of curing
 e - 2 potions of blood {@q1}
 f - a potion of berserk rage {unknown}
 g - 2 potions of haste {unknown}
 h - 2 potions of invisibility {unknown}
 j - 2 potions of agility {unknown}
 m - 2 potions of lignification {unknown}
 n - 2 potions of magic {unknown}
 q - a potion of beneficial mutation {unknown}
Books
 a - a book of Maledictions


   Skills:
 + Level 1.1 Fighting
 + Level 2.0 Dodging
 - Level 3.0 Stealth
   Level 1.0 Shields
 - Level 4.7 Unarmed Combat
   Level 1.0 Conjurations
   Level 3.0 Hexes


You had 2 spell levels left.
You didn't know any spells.

Dungeon Overview and Level Annotations

Branches:
Dungeon (2/15)

Altars:


Innate Abilities, Weirdness & Mutations

You have razor-sharp teeth.
You have supernaturally acute eyesight. (SInv)
You can survive without breathing.


Message History

No target in view!
No target in view!
No target in view!
No target in view!
No target in view!
r - a scroll labeled ZAOMIU ZODDU
Found a stone staircase leading up.
Found a stone staircase leading down.
A rat comes into view.
A rat is nearby!
A rat is nearby!
The rat bites you.
You take 2 damage, and have 23/25 hp.
You hit the rat.
You kill the rat!
No target in view!
No target in view!
No target in view!
No target in view!
No target in view!
No target in view!
No target in view!
No target in view!
n - 2 smoky coppery potions (gained 1)
m - 2 smoky cyan potions (gained 1)
You see here 18 sling bullets.
A bat comes into view.
Health restored: 25 A bat is nearby!
A bat is nearby!
Okay, then.
Unknown command.
An adder comes into view.
The bat hits you but does no damage.
You barely miss the bat. The bat barely misses you.
The bat hits you but does no damage.
A leopard gecko comes into view.
The bat hits you but does no damage.
A hobgoblin comes into view. It is wielding a club.
The bat hits you. The bat closely misses you.
Found a stone staircase leading down.
You take 1 damage, and have 24/25 hp.
You miss the bat. The bat hits you but does no damage.
You hit the bat.
You kill the bat!
The leopard gecko hisses angrily.
The hobgoblin shouts!
Health restored: 25 An adder comes into view.
The leopard gecko barely misses you. The leopard gecko closely misses you.
You closely miss the adder. The adder bites you.
The leopard gecko barely misses you.
You take 2 damage, and have 23/25 hp.
You hit the adder but do no damage.
There is a sudden explosion of sparks!
You kill the adder!
Your Fighting skill increases to level 1!
The hobgoblin hits you with a club. The leopard gecko barely misses you.
You take 1 damage, and have 22/26 hp.
You hit the leopard gecko. The hobgoblin hits you with a club.
The leopard gecko bites you.
You take 4 damage, and have 18/26 hp.
You hit the leopard gecko but do no damage.
The leopard gecko bites you. The hobgoblin completely misses you.
The leopard gecko bites you but does no damage.
You take 1 damage, and have 17/26 hp.
You closely miss the leopard gecko. You bite the leopard gecko.
The hobgoblin hits you with a club. The leopard gecko bites you.
You take 9 damage, and have 8/26 hp.
MASSIVE DAMAGE!!
You hit the leopard gecko.
You kill the leopard gecko!
The hobgoblin hits you but does no damage.
Unknown command.
You miss the adder. The adder completely misses you.
The hobgoblin barely misses you. The adder closely misses you.
You closely miss the adder. The hobgoblin closely misses you.
The adder misses you.
You barely miss the adder. The adder bites you but does no damage.
The hobgoblin misses you. The adder bites you but does no damage.
You miss the adder. The hobgoblin completely misses you.
The adder closely misses you.
You miss the adder. The adder barely misses you.
The hobgoblin hits you but does no damage.
The adder completely misses you.
You hit the adder. The hobgoblin closely misses you.
The adder closely misses you.
You barely miss the adder. The hobgoblin hits you with a club.
* * * LOW HITPOINT WARNING * * *
The adder misses you.
You take 3 damage, and have 6/26 hp.
You hit the adder. The adder bites you.
* * * LOW HITPOINT WARNING * * *
The hobgoblin barely misses you. The adder bites you but does no damage.
You take 4 damage, and have 2/26 hp.
You hit the adder. The hobgoblin closely misses you.
The adder bites you but does no damage.
You completely miss the adder. You bite the adder.
You kill the adder!
Your Dodging skill increases to level 2!
The hobgoblin hits you with a club.
You die...

.##
..>.......#........##
##.# .#
...................#
#..# ##
.........#.......#
##.##
#......#.......###..#
.
..............###..##
......
...>?..........##.##
#.....
#....#.......##.#
#....
#....#.......#..#
...#
##...@#.....#.(## ...
#..†g##!..##.## .#
#....#######.# .#
#..... #.# # ##....
#.# ......) #...!.
#.# ###.... ##....
..# # #. #..... .## #
.


You could see a hobgoblin.

Vanquished Creatures
  2 adders (D:2)
  2 oozes (D:1)
  5 leopard geckos
  3 goblins (D:1)
  2 hobgoblins (D:1)
  5 kobolds (D:1)
  8 bats
  5 frilled lizards
  4 rats
36 creatures vanquished.

Notes
Turn   | Place    | Note
-------+----------+-------------------------------------------
     0 | D:1      | MackTheKnife the Vampire Wanderer began the quest for the Orb.
     0 | D:1      | MackTheKnife set off with: a book of Maledictions, 2 potions of curing, a +0 robe, a +0 dagger, a potion of blood {@q1}
     0 | D:1      | Reached XP level 1. HP: 13/13 MP: 1/1
   368 | D:1      | Reached skill level 4 in Unarmed Combat
   368 | D:1      | Reached XP level 2. HP: 19/19 MP: 2/2
   672 | D:1      | Reached XP level 3. HP: 24/24 MP: 3/3
   981 | D:1      | Upgraded the game from 0.19-a0-1662-gb81896f to 0.19-a0-1676-g39ae8cc
  1355 | D:2      | Reached skill level 1 in Fighting
  1366 | D:2      | HP: 6/26 [hobgoblin/club (3)]
  1367 | D:2      | HP: 2/26 [adder (4)]
  1369 | D:2      | Reached skill level 2 in Dodging
  1369 | D:2      | Slain by a hobgoblin

Vault maps used:
D:1:      matt_arrival_los_fun, minmay_three_crescents
D:2:      old_standard_altar, hangedman_decor_growths

Skill      XL: |  1  2  3 |
---------------+----------+-----
Unarmed Combat | 4 |  4.7
Fighting       | 1 |  1.1
Dodging        | 2 |  2.0
Stealth        | |  3.0
Shields        | |  1.0
Conjurations   | |  1.0
Hexes          | |  3.0

Action                   || total
-------------------------++-------
Melee: Unarmed           ||    63
       Bite              ||    13
       Punch             ||     2
       Whip              ||    37
 Stab: Sleeping          ||     3
  Eat: Corpse            ||     5
Armor: Robe              ||    31
Dodge: Dodged            ||    79

Vault maps used:
D:1:      matt_arrival_los_fun, minmay_three_crescents
D:2:      old_standard_altar, hangedman_decor_growths

Table legend:
 A = Turns spent in this place as a percentage of turns spent in the entire game.
 B = Non-inter-level travel turns spent in this place as a percentage of non-inter-level travel turns spent in the entire game.
 C = Inter-level travel turns spent in this place as a percentage of turns spent in this place.
 D = Turns resting spent in this place as a percentage of non-inter-level travel turns spent in this place.
 E = Turns spent auto-exploring this place as a percentage of non-inter-level travel turns spent in this place.
 F = Non-inter-level travel turns spent in this place divided by the number of levels of this place that you've seen.
                   A       B       C       D       E      F
               +-------+-------+-------+-------+-------+----------------------
         Total | 100.0 | 100.0 |   0.2 |   0.9 |   9.7 | 217.0
       Dungeon | 100.0 | 100.0 |   0.2 |   0.9 |   9.7 | 217.0
               +-------+-------+-------+-------+-------+----------------------

Table legend:
 A = Kills in this place as a percentage of kills in entire the game.
 B = Kills by you in this place as a percentage of kills by you in the entire game.
 C = Kills by friends in this place as a percentage of kills by friends in the entire game.
 D = Other kills in this place as a percentage of other kills in the entire game.
 E = Experience gained in this place as a percentage of experience gained in the entire game.
 F = Experience gained in this place divided by the number of levels of this place that you have seen.
                   A       B       C       D       E      F
               +-------+-------+-------+-------+-------+----------------------
         Total | 100.0 | 100.0 |  -nan |  -nan | 100.0 |  48.0
       Dungeon | 100.0 | 100.0 |  -nan |  -nan | 100.0 |  48.0
               +-------+-------+-------+-------+-------+----------------------
